 Dungeon Crawl Stone Soup version 0.31.0-11-ge490571c62 (webtiles) character file.

Game seed: 9627497331052807483

2411 SnakkuSnakku7 the Grappler (level 9, -4/74 HPs)
             Began as a Ghoul Summoner on Jan 26, 2024.
             Was the Champion of Uskayaw.
             Slain by a yak (10 damage)
             ... on level 6 of the Dungeon.
             The game lasted 00:06:03 (5721 turns).

SnakkuSnakku7 the Grappler (Ghoul Summoner)         Turns: 5721, Time: 00:06:03

Health: -4/74      AC:  8    Str: 16    XL:     9   Next: 47%
Magic:  11/11      EV:  7    Int: 14    God:    Uskayaw [******]
Gold:   269        SH:  0    Dex:  9    Spells: 10/11 levels left

rFire   + .          .
                       - Unarmed
rCold   + . .        (no shield)
rNeg    + + +        n - +0 chain mail
rPois   ∞            (no helmet)
rElec   .            (no cloak)
rCorr   .            (no gloves)
SInv    .            (no boots)
Will    .....        j - amulet of faith Stlth
                     e - ring of protection from fire
HPRegen 0.00/turn    (no ring)
MPRegen 0.12/turn

%: faith
@: inhibited regen
A: claws 1, cold resistance 1, negative energy resistance 3, inhibited
regeneration, torment resistance 2, devour on kill
a: Renounce Religion, Stomp, Line Pass, Grand Finale


You were on level 6 of the Dungeon.
You worshipped Uskayaw.
Uskayaw was noncommittal.
You visited 1 branch of the dungeon, and saw 6 of its levels.

You collected 269 gold pieces.

Inventory:

Missiles
 p - 13 poisoned darts (quivered)
Armour
 a - a +0 robe
 d - a +0 scale mail
 n - a +0 chain mail (worn)
 r - a +0 ring mail of fire resistance
 w - a +0 plate armour
Jewellery
 e - a ring of protection from fire (left claw)
 j - an amulet of faith (around neck)
Wands
 o - a wand of flame (10)
 x - a wand of polymorph (10)
 y - a wand of roots (6)
Scrolls
 c - 3 scrolls of fog {unknown}
 g - 2 scrolls of noise {unknown}
 i - 2 scrolls of teleportation {unknown}
 k - a scroll of summoning {unknown}
 m - a scroll of blinking
 q - a scroll of amnesia {unknown}
 s - a scroll of enchant armour {unknown}
 t - a scroll of vulnerability {unknown}
Potions
 b - a potion of magic
 f - 2 potions of curing
 h - a potion of haste
 l - a potion of invisibility
 v - 2 potions of enlightenment {unknown}


   Skills:
 - Level 5.0 Fighting
 - Level 1.7 Dodging
 - Level 2.1 Stealth
 + Level 12.4 Unarmed Combat
 - Level 1.7 Spellcasting
 - Level 3.6 Summonings


You had 10 spell levels left.
You knew the following spells:

 Your Spells              Type           Power      Damage    Failure   Level
a - Summon Small Mammal   Summ           44%        N/A       63%         1

Your spell library contained the following spells:

 Spells                   Type           Power      Damage    Failure   Level
 Call Imp                 Summ           22%        N/A       77%         2
 Call Canine Familiar     Summ           11%        N/A       94%         3
 Gell's Gravitas          Tloc           1%         N/A       100%        3
 Teleport Other           Tloc           1%         N/A       100%        3
 Tukima's Dance           Hex            1%         N/A       100%        3
 Passage of Golubria      Tloc           1%         N/A       100%        4
 Summon Blazeheart Golem  Fire/Summ      6%         N/A       100%        4
 Summon Lightning Spire   Summ/Air       6%         N/A       100%        4
 Yara's Violent Unravell  Hex/Alch       0%         3d3       100%        5
 Dispersal                Tloc           0%         N/A       100%        6


Dungeon Overview and Level Annotations

Branches:
Dungeon (6/15)             Temple (0/1) D:4

Altars:
Gozag
Uskayaw


Innate Abilities, Weirdness & Mutations

You are immune to poison.
You have sharp fingernails.
Your flesh is cold resistant. (rC+)
You are immune to negative energy. (rN+++)
You do not regenerate when monsters are visible.
You are immune to unholy pain and torment.
You thrive by killing the living.


Message History

The yak is lightly wounded.
The yak gores you but does no damage. The yak gores you!
You claw the yak!
The yak is heavily wounded.
The yak gores you. The yak barely misses you.
The yak attacks as it pursues you! The yak barely misses you.
You barely miss the yak. You scratch the yak.
The yak is lightly wounded.
The yak gores you!
* * * LOW HITPOINT WARNING * * *
You closely miss the yak.
The yak is lightly wounded.
The yak gores you.
* * * LOW HITPOINT WARNING * * *
You mangle the yak!!
The yak is severely wounded.
The yak gores you but does no damage.
You scratch the yak but do no damage.
The yak is severely wounded.
The yak gores you but does no damage.
You barely miss the yak.
The yak is severely wounded.
You closely miss the yak.
The yak is severely wounded.
The yak gores you!
* * * LOW HITPOINT WARNING * * *
You scratch the yak.
The yak is severely wounded.
The yak gores you!
* * * LOW HITPOINT WARNING * * *
Throw: throwing net
Press: ? - help, Shift-Dir - straight line, f - yak
Aim: a yak (severely wounded, 65% to hit)
You throw a throwing net. The throwing net barely misses the yak.
The throwing net hits the yak.
The yak is caught in the net!
The yak is heavily wounded.
The yak struggles against the net.
The yak gores you!
You die...

.# #.# ##..#
##....###
#.?......
#...~~~..
#Y.~~8~~. #Y# #.
#@# ##. #.##
####... #..#
.#...... ##.#
#...#...# #.# .#
#..... #.#
##.#(#.#... #.###
#..##'.....
#...###.#...#####
###...#.....#(..#


You could see 2 yaks.

Vanquished Creatures
  4 yaks (D:6)
  2 water moccasins
  A swamp drake (D:6)
  2 black bears
  4 ogres
  A phantom (D:5)
  A centaur (D:5)
  A kobold brigand (D:6)
  2 electric eels (D:5)
  A bombardier beetle (D:4)
  5 hounds
  5 jellies
  4 orc priests (D:6)
  4 iguanas
  A sleepcap (D:5)
  5 adders
  A white imp (D:6)
  An ufetubus (D:6)
  A ribbon worm (D:3)
  9 orcs
  6 ball pythons
  5 endoplasms
  2 giant cockroaches
  4 goblins
  2 hobgoblins
  2 jackals (D:2)
  7 kobolds
  3 quokkas
  6 bats
  2 frilled lizards
  4 rats
98 creatures vanquished.

Notes
Turn   | Place    | Note
-------+----------+-------------------------------------------
     0 | D:1      | SnakkuSnakku7 the Ghoul Summoner began the quest for the
                  | Orb.
     0 | D:1      | Reached XP level 1. HP: 14/14 MP: 3/3
   147 | D:1      | Reached skill level 1 in Fighting
   147 | D:1      | Reached skill level 1 in Unarmed Combat
   207 | D:1      | Reached XP level 2. HP: 19/23 MP: 4/4
  1003 | D:2      | Reached XP level 3. HP: 28/29 MP: 5/5
  1026 | D:2      | Reached skill level 2 in Unarmed Combat
  1832 | D:3      | Found a hide-covered altar of Uskayaw.
  1851 | D:3      | Found an opulent altar of Gozag.
  1873 | D:3      | Became a worshipper of Uskayaw the Reveller
  1920 | D:3      | Reached * piety under Uskayaw
  1927 | D:3      | Reached ** piety under Uskayaw
  1929 | D:3      | Reached XP level 4. HP: 20/37 MP: 6/6
  2067 | D:3      | Reached skill level 3 in Unarmed Combat
  2133 | D:3      | Reached XP level 5. HP: 23/45 MP: 7/7
  2134 | D:3      | Reached *** piety under Uskayaw
  2289 | D:4      | Noticed a black bear
  2303 | D:4      | Killed a black bear
  2304 | D:4      | Reached skill level 4 in Unarmed Combat
  2339 | D:4      | Reached XP level 6. HP: 29/53 MP: 8/8
  2760 | D:4      | Found a staircase to the Ecumenical Temple.
  3293 | D:5      | Entered Level 5 of the Dungeon
  3339 | D:5      | Found a transporter.
  3369 | D:5      | Noticed a water moccasin
  3387 | D:5      | Killed a water moccasin
  3388 | D:5      | Reached skill level 5 in Fighting
  3388 | D:5      | Reached skill level 5 in Unarmed Combat
  3567 | D:5      | Found a transporter.
  3680 | D:5      | Reached skill level 6 in Unarmed Combat
  3680 | D:5      | Reached XP level 7. HP: 25/61 MP: 9/9
  3909 | D:5      | Reached skill level 7 in Unarmed Combat
  4207 | D:5      | Reached skill level 8 in Unarmed Combat
  4207 | D:5      | Reached XP level 8. HP: 49/68 MP: 10/10
  4209 | D:5      | Reached **** piety under Uskayaw
  4901 | D:6      | Reached skill level 9 in Unarmed Combat
  5189 | D:6      | Noticed a yak
  5223 | D:6      | Killed a yak
  5224 | D:6      | Reached skill level 10 in Unarmed Combat
  5469 | D:6      | Reached XP level 9. HP: 65/74 MP: 11/11
  5473 | D:6      | Reached skill level 11 in Unarmed Combat
  5597 | D:6      | Reached ***** piety under Uskayaw
  5702 | D:6      | Reached skill level 12 in Unarmed Combat
  5711 | D:6      | Reached ****** piety under Uskayaw
  5721 | D:6      | Slain by a yak

Illustrated notes

Levels and vault maps discovered:
D:1:      lightli_arrival_boilingwater, layout_loops_ring
D:2:      layout_basic, serial_co_window_serial, co_window_corner_a,
          co_window_corner_a, co_window_paths_a, co_window_paths_a,
          co_window_of_opportunity_a, co_window_unsneaky_path_d,
          co_window_2corner, co_window_paths_c
D:3:      layout_rooms, mainiacjoe_overflow_catwalk_spiral
D:4:      layout_cave_pods, temple_statues, minivault_27, kennysheep_boxes
D:5:      gammafunk_steamed_eel, layout_cave_pods
D:6:      layout_basic, grunt_temple_overflow_lords_of_destruction,
          moated_statue, minmay_fractal_squares_diagonal_5

Skill      XL: |  1  2  3  4  5  6  7  8  9 |
---------------+----------------------------+-----
Fighting       | 1 2 3 4 5 |  5.0
Unarmed Combat | 1 2 3 4 6 8 10 12 | 12.4
Dodging        | |  1.7
Stealth        | |  2.1
Spellcasting   | |  1.7
Summonings     | |  3.6

Action                     |  1- 3 |  4- 6 |  7- 9 || total
---------------------------+-------+-------+-------++-------
  Melee: Unarmed           |   147 |   106 |   192 ||   445
         Punch             |     2 |     4 |     8 ||    14
  Throw: Dart              |       |     6 |     6 ||    12
         Throwing net      |       |     2 |     2 ||     4
  Evoke: Wand              |       |       |     7 ||     7
    Use: Scroll            |     5 |     2 |     1 ||     8
   Stab: Paralysed         |       |     2 |     8 ||    10
         Held in net/web   |       |       |     1 ||     1
 Armour: Robe              |    13 |       |       ||    13
         Scale mail        |    46 |       |       ||    46
         Chain mail        |    60 |   104 |   137 ||   301
  Dodge: Dodged            |    75 |    34 |    50 ||   159
